 Dungeon Crawl Stone Soup version 0.31-a0-810-ga77100ea1a (webtiles) character file.

Game seed: 14107629212094894002

67 quakins the Chopper (level 4, 0/39 HPs)
             Began as a Hill Orc Fighter on Sept 22, 2023.
             Slain by Sigmund
             ... wielding a +0 scythe
              (8 damage)
             ... on level 2 of the Dungeon.
             The game lasted 00:02:05 (1583 turns).

quakins the Chopper (Hill Orc Fighter)              Turns: 1583, Time: 00:02:06

Health: 0/39       AC:  6    Str: 20    XL:     4   Next: 18%
Magic:  4/4        EV:  9    Int:  8    God:
Gold:   76         SH:  0    Dex: 10    Spells: 3/3 levels left

rFire   + . .        a - +0 war axe
rCold   + . .        c - +0 buckler
rNeg    . . .        b - +0 scale mail
rPois   .            (no helmet)
rElec   .            e - scarf {rC+ rF+}
rCorr   .            (no gloves)
SInv    .            (no boots)
Will    .....        (no amulet) Stlth
                     (no ring)
HPRegen 0.26/turn    (no ring)
MPRegen 0.09/turn

%: no passive effects
@: confused
A: no striking features
a: no special abilities


You were on level 2 of the Dungeon.
You visited 1 branch of the dungeon, and saw 2 of its levels.

You collected 76 gold pieces.

Inventory:

Hand Weapons
 a - a +0 war axe (weapon)
Missiles
 j - a throwing net
Armour
 b - a +0 scale mail (worn)
 c - a +0 buckler (worn)
 e - a scarf of resistance (worn)
Jewellery
 d - an amulet of reflection
Wands
 l - a wand of digging (7)
Scrolls
 g - a scroll of fog {unknown}
 i - 2 scrolls of identify {unknown}
 k - a scroll of fear {unknown}
Potions
 f - 2 potions of curing {unknown}
 h - a potion of degeneration {unknown}
 m - a potion of haste {unknown}
 n - 2 potions of resistance {unknown}


   Skills:
 - Level 3.6 Fighting
 + Level 5.8 Axes
 - Level 3.2 Armour
 - Level 3.2 Shields


You had 3 spell levels left.
You didn't know any spells.
Your spell library contained the following spells:

 Spells                   Type           Power      Damage    Failure   Level
 Kiss of Death            Conj/Necr      0%         2d5       83%         1
 Confusing Touch          Hex            0%         N/A       99%         3
 Dispel Undead            Necr           0%         3d6       100%        4


Dungeon Overview and Level Annotations

Branches:
Dungeon (2/15)

Altars:
Ashenzari

Annotations:
D:2 Sigmund


Message History

You open the door.
There is an open door here.
Found a stone staircase leading down.
As you open the large door, it creaks loudly!
You open the door.
There is a stone staircase leading down here.
There is an open door here.
You see here a +0 ring mail.
You see here a +2 pair of gloves of infusion.
Sigmund the Dreaded comes into view.
He is wielding a +0 scythe.
Sigmund shouts!
Sigmund laughs darkly.
Sigmund is nearby!
Sigmund is nearby!
Sigmund casts a spell.
Sigmund flickers and vanishes!
Deactivating autopickup; reactivate with Ctrl-A.
You slash something! Something hits you but does no damage.
You slash something! Something hits you but does no damage.
You hit something. Something hits you but does no damage.
You closely miss something. Something hits you but does no damage.
You completely miss something. You hit something but do no damage.
Something hits you.
You barely miss something. Something hits you.
You closely miss something. Something hits you but does no damage.
You closely miss something. Something hits you.
You miss something. Something hits you.
You hit something. You closely miss something. Something hits you.
You barely miss something.
You hear some strange, mumbled words.
You are confused.
You bump into the rock wall.
Something completely misses you.
You closely miss something.
You hear some strange, mumbled words.
A magic dart appears from out of thin air!
The magic dart hits you!
* * * LOW HITPOINT WARNING * * *
Something hits you!
You die...

#### #.##...
####..#..[
###......... ###
............ #..
............ #.#
.....##.#... #.#
........#...
#.###.........#...
#@.{..........#...
#.#####.......####
#.# ###+###.# #
#.# #.....# #.#
### #.###.#
##.###.# #.# ###
#......# #.#
######[###.#######
#...........#


There were no monsters in sight!

Vanquished Creatures
  Terence (D:2)
  A dart slug (D:1)
  3 bats
  6 endoplasms
  A giant cockroach (D:2)
  5 goblins (D:1)
  3 hobgoblins
  5 ball pythons (D:1)
  2 frilled lizards
  7 kobolds
  A rat (D:2)
35 creatures vanquished.

Notes
Turn   | Place    | Note
-------+----------+-------------------------------------------
     0 | D:1      | quakins the Hill Orc Fighter began the quest for the Orb.
     0 | D:1      | Reached XP level 1. HP: 19/19 MP: 1/1
    96 | D:1      | Reached skill level 3 in Axes
   223 | D:1      | Reached XP level 2. HP: 26/26 MP: 2/2
   304 | D:1      | Reached skill level 4 in Axes
   571 | D:1      | Reached XP level 3. HP: 31/31 MP: 3/3
   998 | D:2      | Noticed Terence
  1006 | D:2      | Reached skill level 5 in Axes
  1006 | D:2      | Killed Terence
  1007 | D:2      | Reached XP level 4. HP: 32/39 MP: 4/4
  1326 | D:2      | Found a broken altar of Ashenzari.
  1566 | D:2      | Noticed Sigmund
  1583 | D:2      | Slain by Sigmund

Illustrated notes

Levels and vault maps discovered:
D:1:      scummos_arrival_simple_crosswalls, layout_basic
D:2:      layout_basic, basic_altar, minmay_misc_feat_ornament, uniq_sigmund,
          uniq_terence

Skill      XL: |  1  2  3 |
---------------+----------+-----
Axes           | 3 4 5 |  5.8
Fighting       | |  3.6
Armour         | |  3.2
Shields        | |  3.2

Action                     |  1- 3 |  4- 6 || total
---------------------------+-------+-------++-------
  Melee: War axe           |    83 |    22 ||   105
    Use: Potion            |     1 |       ||     1
 Armour: Scale mail        |    50 |    16 ||    66
  Dodge: Dodged            |    39 |     6 ||    45
  Block: Buckler           |    23 |     1 ||    24

Table legend: (Time is in decaauts)
 A = Elapsed time spent in this place.
 B = Non-inter-level travel time spent in this place.
 C = Inter-level travel time spent in this place.
 D = Time resting spent in this place.
 E = Time spent auto-exploring this place.
 F = Levels seen in this place.
 G = Mean time per level.
                   A        B        C        D        E       F      G
               +--------+--------+--------+--------+--------+-----+--------+
         Total |   1615 |   1589 |     26 |      0 |   1258 |   2 |  807.5 |
       Dungeon |   1615 |   1589 |     26 |      0 |   1258 |   2 |  807.5 |
               +--------+--------+--------+--------+--------+-----+--------+

Top non-repeatable levels by time:
     D:1: 870 daAuts
     D:2: 744 daAuts
